 Dungeon Crawl Stone Soup version 0.21-a0-113-g6841d05 (webtiles) character file.

179 Ordine the Sneak (level 5, -5/33 HPs)
             Began as an Octopode Transmuter on July 12, 2017.
             Killed by divine providence
             ... invoked by an orc priest
              (13 damage)
             ... on level 3 of the Dungeon.
             The game lasted 00:06:29 (3263 turns).

Ordine the Sneak (Octopode Transmuter)              Turns: 3263, Time: 00:06:30

Health: -5/33      AC:  1    Str:  9    XL:     5   Next: 59%
Magic:  8/8        EV: 13    Int: 17    God:
Gold:   233        SH:  0    Dex: 12    Spells: 0/8 levels left

rFire    . . .     SeeInvis .     - Unarmed
rCold    + . .     Gourm    +   (no shield)
rNeg     . . .     Faith    .   (helmet restricted)
rPois    .         Spirit   .   j - amulet of the gourmand
rElec    .         Reflect  .   d - ring of protection from cold
rCorr    .         Harm     .   (no ring)
MR       .....                  (no ring)
Stlth    +++.......             (no ring)
HPRegen  0.11/turn              (no ring)
MPRegen  0.11/turn              (no ring)
                                (no ring)
                                (no ring)

@: no status effects
A: almost no armour, stealthy swim, amphibious, 8 rings, constrict 8, camouflage
1, gelatinous body 1
a: no special abilities


You were on level 3 of the Dungeon.
You were very full.

You visited 1 branch of the dungeon, and saw 4 of its levels.

You collected 233 gold pieces.

Inventory:

Armour
 m - a +0 buckler
Jewellery
 d - a ring of protection from cold (left tentacle)
 j - an amulet of the gourmand (around mantle)
Wands
 o - a wand of disintegration (7/24)
Scrolls
 k - 2 scrolls of enchant armour
 n - 2 scrolls of identify {unknown}
 p - 3 scrolls of magic mapping
Potions
 a - a potion of haste
 e - a potion of cancellation {unknown}
 i - a potion of mutation {unknown}
Books
 b - a book of Changes

   Spells                             Type                      Level
   a - Beastly Appendage              Transmutation                1
   b - Sticks to Snakes               Transmutation                2
   c - Spider Form                    Transmutation/Poison         3
   d - Ice Form                       Ice/Transmutation            4
   e - Blade Hands                    Transmutation                5
Comestibles
 c - 3 bread rations
 f - 2 royal jellies
 g - a fruit
 h - 2 meat rations


   Skills:
 - Level 1.0 Fighting
 - Level 2.0 Dodging
 + Level 4.0 Stealth
 + Level 0.8 Shields
 + Level 4.0 Unarmed Combat
 - Level 2.0 Spellcasting
 + Level 3.6 Transmutations


You couldn't memorise any spells.
You knew the following spells:

 Your Spells              Type           Power        Failure   Level  Hunger
a - Beastly Appendage     Tmut           ##....       4%          1    #......
b - Spider Form           Tmut/Pois      #.........   28%         3    ###....
c - Ice Form              Ice/Tmut       #.......     67%         4    #####..


Dungeon Overview and Level Annotations

Branches:
Dungeon (4/15)
 Temple: D:4-7

Altars:
Okawaru

Annotations:
D:4 Ijyb


Innate Abilities, Weirdness & Mutations

You cannot wear most types of armour.
You are very stealthy in the water. (Stealth+)
You are amphibious.
You can wear up to eight rings at the same time.
You can use your tentacles to constrict eight enemies at once.
Your skin changes colour to match your surroundings (Stealth+).
Your rubbery body absorbs attacks. (AC +1, EV +1)


Message History

Unknown command.
The orc wizard gestures at you while chanting.
The magic dart hits you!
* * * LOW HITPOINT WARNING * * *
The orc hits you.
* * * LOW HITPOINT WARNING * * *
The orc priest misses you.
You climb upwards.
There is a stone staircase leading down here.
You barely miss the orc priest. You grab the orc priest.
You squeeze the orc priest, but do no damage.
You constrict the orc priest, but do no damage.
The orc priest closely misses you. The orc closely misses you.
You tentacle-slap the orc priest. x2
You squeeze the orc priest, but do no damage.
The orc priest is moderately wounded.
You constrict the orc priest, but do no damage.
The orc priest calls down the wrath of Beogh upon you.
Beogh smites you!
You die...

######################
...............o@o...#
####.###############.#
#.# #.# #.# #.# #.#
#.# #.# #.# #.# #.#
#.# #.# #.# #.#


You could see an orc priest and an orc.

Vanquished Creatures
  An orc priest (D:3)
  Crazy Yiuf (D:2)
  Terence (D:3)
  3 gnolls (D:2)
  A worm (D:3)
  2 leopard geckos (D:3)
  5 orcs (D:3)
  4 bats
  3 giant cockroaches
  6 goblins
  7 hobgoblins
  6 jackals
  5 kobolds
  A quokka (D:2)
  3 frilled lizards
  8 rats
57 creatures vanquished.

Notes
Turn   | Place    | Note
-------+----------+-------------------------------------------
     0 | D:1      | Ordine the Octopode Transmuter began the quest for the Orb.
     0 | D:1      | Reached XP level 1. HP: 13/13 MP: 3/3
   263 | D:1      | Reached skill level 1 in Stealth
   263 | D:1      | Reached XP level 2. HP: 15/18 MP: 5/5
  1138 | D:2      | Reached XP level 3. HP: 22/23 MP: 4/6
  1255 | D:2      | Learned a level 3 spell: Spider Form
  1699 | D:2      | Reached XP level 4. HP: 28/28 MP: 7/7
  1900 | D:2      | Found a runed door.
  1905 | D:2      | Noticed Crazy Yiuf
  1911 | D:2      | Killed Crazy Yiuf
  2087 | D:3      | Found an iron altar of Okawaru.
  2300 | D:3      | Noticed Terence
  2313 | D:3      | Killed Terence
  2313 | D:3      | Reached XP level 5. HP: 32/33 MP: 8/8
  2973 | D:3      | Learned a level 4 spell: Ice Form
  3132 | D:4      | Noticed Ijyb
  3263 | D:3      | Killed from afar by an orc priest

Vault maps used:
D:1:      dpeg_arrival_three_same_balls, serial_glass, glass_columns_c,
          glass_columns_b
D:2:      uniq_crazy_yiuf_cottage
D:3:      first_bread, okawaru_metal_pillars_1_2, uniq_terence
D:4:      cheibrodos_ashenzari_chains, uniq_ijyb, uniq_duvessa

Skill      XL: |  1  2  3  4  5 |
---------------+----------------+-----
Stealth        | 1 2 3 4 |  4.0
Transmutations | 3 |  3.6
Unarmed Combat | 4 |  4.0
Fighting       | |  1.0
Dodging        | |  2.0
Shields        | |  0.8
Spellcasting   | |  2.0

Action                   |  1- 3 |  4- 6 || total
-------------------------+-------+-------++-------
Melee: Unarmed           |    61 |    64 ||   125
       Constrict         |    20 |    20 ||    40
       Tentacles         |     8 |    14 ||    22
       Kick              |     3 |       ||     3
       Punch             |       |     1 ||     1
 Cast: Beastly Appendage |     2 |       ||     2
  Use: Scroll            |     4 |     2 ||     6
       Potion            |       |     1 ||     1
 Stab: Sleeping          |     4 |     7 ||    11
  Eat: Chunk             |    18 |     4 ||    22
Armor: Skin              |     4 |     2 ||     6
Dodge: Dodged            |    32 |    37 ||    69
